 Dungeon Crawl Stone Soup version 0.28.0-45-g0d030f2227 (webtiles) character file.

Game seed: 1062466853372087233

262 protoss039 the Vexing (level 6, -3/47 HPs)
             Began as a Gnoll Arcane Marksman on May 17, 2022.
             Slain by Grinder (6 damage)
             ... on level 4 of the Dungeon.
             The game lasted 00:10:01 (3977 turns).

protoss039 the Vexing (Gnoll Arcane Marksman)       Turns: 3977, Time: 00:10:01

Health: -3/47      AC:  9    Str:  9    XL:     6   Next: 18%
Magic:  11/11      EV: 11    Int: 14    God:
Gold:   105        SH:  0    Dex: 13    Spells: 7/11 levels left

rFire   . . .      SeeInvis .   a - +1 short sword (venom)
rCold   . . .      Faith    .   (no shield)
rNeg    . . .      Spirit   .   o - +0 ring mail
rPois   .          Reflect  .   e - +2 helmet
rElec   .          Harm     .   u - +0 cloak
rCorr   .          Rampage  .   (no gloves)
Will    .....                   (no boots)
Stlth   +.........              (no amulet)
HPRegen 0.15/turn               (no ring)
MPRegen 0.12/turn               (no ring)

@: no status effects
A: fangs 1, strong nose, distributed training
a: no special abilities


You were on level 4 of the Dungeon.
You visited 1 branch of the dungeon, and saw 4 of its levels.

You collected 105 gold pieces.

Inventory:

Hand Weapons
 a - a +1 short sword of venom (weapon)
 d - a +0 war axe
 w - a +0 shortbow
Missiles
 c - 25 arrows
Armour
 e - a +2 helmet (worn)
 m - a +0 robe
 n - a +0 chain mail
 o - a +0 ring mail (worn)
 u - a +0 cloak (worn)
Scrolls
 b - a scroll of enchant weapon {unknown}
 g - 3 scrolls of identify {unknown}
 j - 3 scrolls of immolation {unknown}
 l - a scroll of teleportation {unknown}
 r - a scroll of fog {unknown}
Potions
 f - 3 potions of curing {unknown}
 h - a potion of heal wounds {unknown}
 i - a potion of haste {unknown}
 k - a potion of lignification {unknown}
 p - a potion of flight {unknown}
 q - a potion of magic {unknown}
 s - a potion of invisibility {unknown}


   Skills:
 + Level 3.2 Fighting
 + Level 1.8 Short Blades
 + Level 1.8 Long Blades
 + Level 1.8 Axes
 + Level 1.8 Maces & Flails
 + Level 1.8 Polearms
 + Level 1.8 Staves
 + Level 1.8 Slings
 + Level 4.9 Bows
 + Level 1.8 Crossbows
 + Level 1.8 Throwing
 + Level 1.8 Armour
 + Level 4.9 Dodging
 + Level 1.8 Stealth
 + Level 1.8 Shields
 + Level 1.8 Unarmed Combat
 + Level 3.3 Spellcasting
 + Level 1.4 Conjurations
 + Level 5.6 Hexes
 + Level 1.4 Summonings
 + Level 1.4 Necromancy
 + Level 1.4 Translocations
 + Level 1.4 Transmutations
 + Level 1.4 Fire Magic
 + Level 1.4 Ice Magic
 + Level 1.4 Air Magic
 + Level 1.4 Earth Magic
 + Level 1.4 Poison Magic
 + Level 2.0 Invocations
 + Level 1.8 Evocations


You had 7 spell levels left.
You knew the following spells:

 Your Spells              Type           Power      Damage    Failure   Level
a - Slow                  Hex            72%        N/A       5%          1
b - Confusing Touch       Hex            18%        N/A       16%         3

Your spell library contained the following spells:

 Spells                   Type           Power      Damage    Failure   Level
 Inner Flame              Hex/Fire       12%        N/A       36%         3
 Portal Projectile        Hex/Tloc       24%        N/A       36%         3
 Cause Fear               Hex            9%         N/A       47%         4
 Vampiric Draining        Necr           6%         2d6       67%         3


Dungeon Overview and Level Annotations

Branches:
Dungeon (4/15)
 Temple: D:4-7

Altars:
Elyvilon
Nemelex Xobeh

Annotations:
D:4 Grinder


Innate Abilities, Weirdness & Mutations

You have very sharp teeth.
Your uncanny sense of smell can sniff out nearby items.
Your experience applies equally to all skills.


Message History

Unknown command.
Unknown command.
You hit Grinder but do no damage.
Grinder looks as sick as possible!
Grinder is heavily wounded.
Unknown command.
Unknown command.
You hit Grinder but do no damage.
Grinder is severely wounded.
Grinder hits you.
You writhe in agony.
Unknown command.
Unknown command.
You hit Grinder but do no damage.
Grinder is severely wounded.
Grinder hits you.
* * * LOW HITPOINT WARNING * * *
You writhe in agony.
* * * LOW HITPOINT WARNING * * *
Unknown command.
Unknown command.
You closely miss Grinder.
Grinder is severely wounded.
Unknown command.
Unknown command.
You barely miss Grinder.
Grinder is severely wounded.
Grinder closely misses you.
The orc priest begins to cast a cantrip, but forgets the words!
Unknown command.
Unknown command.
You hit Grinder but do no damage.
Grinder is severely wounded.
Grinder hits you but does no damage.
Unknown command.
Unknown command.
You hit Grinder.
Grinder looks as sick as possible!
Grinder is severely wounded.
Grinder hits you!
* * * LOW HITPOINT WARNING * * *
You writhe in agony.
You die...

##.# ###<# #.# #...#
#.###.#.# ##.......#
######.### #### .##
#.### #.. ..## #.#.##
#.#
...###....#####.###o#.(.
>..'............@5ooo..(
...###....#####.###o....
..## #....# #.# .#. .##
####.# #.# ## #.# #.. #
#.# ### #.# #.#


You could see Grinder (extremely poisoned, slow), 2 orc priests and 3 orcs.

Vanquished Creatures
  Crazy Yiuf (D:3)
  Natasha (thrice) (D:3)
  Terence (D:1)
  An orc wizard (D:3)
  2 adders (D:2)
  3 worms
  2 dart slugs
  5 orcs (D:3)
  4 ball pythons
  7 endoplasms
  2 giant cockroaches
  6 goblins
  9 hobgoblins
  3 jackals (D:1)
  10 kobolds
  3 quokkas
  7 bats
  2 frilled lizards
  3 rats
74 creatures vanquished.

Notes
Turn   | Place    | Note
-------+----------+-------------------------------------------
     0 | D:1      | protoss039 the Gnoll Arcane Marksman began the quest for
                  | the Orb.
     0 | D:1      | Reached XP level 1. HP: 17/17 MP: 4/4
   212 | D:1      | Reached XP level 2. HP: 23/23 MP: 5/5
   677 | D:2      | Found a sparkling altar of Nemelex Xobeh.
   771 | D:2      | Reached XP level 3. HP: 11/28 MP: 4/7
   800 | D:2      | Noticed Terence
  1272 | D:2      | Reached skill level 1 in Invocations
  1385 | D:2      | Reached skill level 1 in Short Blades
  1385 | D:2      | Reached skill level 1 in Long Blades
  1385 | D:2      | Reached skill level 1 in Axes
  1385 | D:2      | Reached skill level 1 in Maces & Flails
  1385 | D:2      | Reached skill level 1 in Polearms
  1385 | D:2      | Reached skill level 1 in Staves
  1385 | D:2      | Reached skill level 1 in Slings
  1385 | D:2      | Reached skill level 1 in Crossbows
  1385 | D:2      | Reached skill level 1 in Throwing
  1385 | D:2      | Reached skill level 1 in Armour
  1385 | D:2      | Reached skill level 1 in Stealth
  1385 | D:2      | Reached skill level 1 in Shields
  1385 | D:2      | Reached skill level 1 in Unarmed Combat
  1385 | D:2      | Reached skill level 1 in Evocations
  1714 | D:1      | Killed Terence
  1715 | D:1      | Reached XP level 4. HP: 34/34 MP: 8/8
  2058 | D:1      | Reached skill level 1 in Conjurations
  2058 | D:1      | Reached skill level 1 in Summonings
  2058 | D:1      | Reached skill level 1 in Necromancy
  2058 | D:1      | Reached skill level 1 in Translocations
  2058 | D:1      | Reached skill level 1 in Transmutations
  2058 | D:1      | Reached skill level 1 in Fire Magic
  2058 | D:1      | Reached skill level 1 in Ice Magic
  2058 | D:1      | Reached skill level 1 in Air Magic
  2058 | D:1      | Reached skill level 1 in Earth Magic
  2058 | D:1      | Reached skill level 1 in Poison Magic
  2280 | D:1      | Learned a level 3 spell: Confusing Touch
  2843 | D:3      | Found a white marble altar of Elyvilon.
  2942 | D:3      | Reached XP level 5. HP: 40/40 MP: 9/9
  2949 | D:3      | Noticed Natasha
  2964 | D:3      | Killed Natasha
  2999 | D:3      | Noticed Natasha
  3002 | D:3      | Killed Natasha
  3337 | D:3      | Noticed Natasha
  3352 | D:3      | Killed Natasha
  3353 | D:3      | Reached XP level 6. HP: 37/47 MP: 2/10
  3534 | D:3      | Found a runed translucent door.
  3535 | D:3      | Noticed Crazy Yiuf
  3703 | D:3      | Killed Crazy Yiuf
  3953 | D:4      | Noticed Grinder
  3959 | D:4      | Paralysed by Grinder for 3 turns
  3977 | D:4      | Slain by Grinder

Illustrated notes

Levels and vault maps discovered:
D:1:      nicolae_arrival_somewhat_less_tricky_arrival, layout_rooms,
          serial_corexii_hall, corexii_hall_statues_t, corexii_hall_statues_s,
          corexii_hall_statues_l
D:2:      layout_basic, basic_altar, uniq_terence
D:3:      layout_loops_ring, nicolae_overflow_hidden_temple, hex_tiny,
          uniq_crazy_yiuf_cottage, uniq_natasha
D:4:      layout_loops_corners, minmay_temple_entry_tees,
          nicolae_ossuary_entry_giza, minmay_cupped, uniq_grinder, uniq_robin

Skill      XL: |  1  2  3  4  5 |
---------------+----------------+-----
Invocations    | 1 2 |  2.0
Short Blades   | 1 |  1.8
Long Blades    | 1 |  1.8
Axes           | 1 |  1.8
Maces & Flails | 1 |  1.8
Polearms       | 1 |  1.8
Staves         | 1 |  1.8
Slings         | 1 |  1.8
Crossbows      | 1 |  1.8
Throwing       | 1 |  1.8
Armour         | 1 |  1.8
Stealth        | 1 |  1.8
Shields        | 1 |  1.8
Unarmed Combat | 1 |  1.8
Evocations     | 1 |  1.8
Spellcasting   | 3 |  3.3
Conjurations   | 1 |  1.4
Summonings     | 1 |  1.4
Necromancy     | 1 |  1.4
Translocations | 1 |  1.4
Transmutations | 1 |  1.4
Fire Magic     | 1 |  1.4
Ice Magic      | 1 |  1.4
Air Magic      | 1 |  1.4
Earth Magic    | 1 |  1.4
Poison Magic   | 1 |  1.4
Fighting       | 3 |  3.2
Bows           | |  4.9
Dodging        | |  4.9
Hexes          | |  5.6

Action                   |  1- 3 |  4- 6 || total
-------------------------+-------+-------++-------
Melee: Rapier            |    26 |    67 ||    93
       Bite              |     3 |     9 ||    12
       Punch             |     1 |       ||     1
       War axe           |       |    13 ||    13
       Short sword       |       |    15 ||    15
 Fire: Shortbow          |   118 |    87 ||   205
 Cast: Slow              |    13 |    10 ||    23
       Confusing Touch   |       |     2 ||     2
Armor: Robe              |     8 |    26 ||    34
       Ring mail         |       |    26 ||    26
Dodge: Dodged            |    40 |   103 ||   143
